 Dungeon Crawl Stone Soup version 0.16.1-11-g651b585 (webtiles) character file.

25 Trafet the Ruffian (level 2, 0/24 HPs)
             Began as a Troll Wizard on Apr 3, 2015.
             Slain by Sigmund
             ... wielding a +0 scythe
              (9 damage)
             ... on level 2 of the Dungeon.
             The game lasted 00:03:36 (1283 turns).

Trafet the Ruffian (Troll Wizard)                   Turns: 1283, Time: 00:03:37

Health: 0/24       AC:  5    Str: 19    XL:     2   Next: 86%
Magic:  3/3        EV:  9    Int: 14    God:
Gold:   92         SH:  0    Dex:  8    Spells: 1 memorised, 4 levels left

rFire  . . .     SeeInvis .       - Unarmed
rCold  . . .     Clarity  .     a - +0 robe
rNeg   . . .     SustAb   .     (shield restricted)
rPois  .         Gourm    +     b - +0 hat
rElec  .         Spirit   .     (no cloak)
rCorr  .         Warding  .     (gloves unavailable)
rMut   .         Stasis   .     (boots unavailable)
MR     .....                    (no amulet)
Stlth  +.........               (no ring)
                                (no ring)

@: mighty, flying, not resistant to hostile enchantments, very unstealthy
A: unfitting armour, claws 3, fast metabolism 3, gourmand, regeneration 2,
shaggy fur 1, tough skin 2
a: no special abilities


You were on level 2 of the Dungeon.
You were not hungry.

You visited 1 branch of the dungeon, and saw 2 of its levels.

You collected 92 gold pieces.

Inventory:

Hand weapons
 p - a cursed +0 spear
Missiles
 m - 3 large rocks (quivered)
Armour
 a - a +0 robe (worn)
 b - a +0 hat (worn)
Jewellery
 k - a cursed ring of loudness {unknown}
Scrolls
 e - a scroll of recharging {unknown}
 f - a scroll of remove curse {unknown}
 g - a scroll of magic mapping {unknown}
 h - a scroll of teleportation {unknown}
 i - a scroll of fear {unknown}
Potions
 l - a potion of might
Books
 c - a book of Minor Magic

   Spells                             Type                      Level
   a - Magic Dart                     Conjuration                  1
   b - Blink                          Translocation                2
   c - Call Imp                       Summoning                    2
   d - Repel Missiles                 Charms/Air                   2
   e - Slow                           Hexes                        2
   f - Conjure Flame                  Conjuration/Fire             3
   g - Mephitic Cloud                 Conjuration/Poison/Air       3
Comestibles
 d - 2 meat rations
 j - 3 beef jerkies
 o - a chunk of flesh


   Skills:
 - Level 1.5 Dodging
 - Level 1.1 Stealth
 + Level 2.6 Unarmed Combat
 - Level 2.0 Spellcasting
 - Level 0.6 Conjurations
   Level 0.6 Summonings
   Level 0.6 Translocations


You had 4 spell levels left.
You knew the following spells:

 Your Spells              Type           Power        Failure   Level  Hunger
a - Magic Dart            Conj           #...         21%         1    ##.....


Dungeon Overview and Level Annotations

Branches:
Dungeon (2/15)

Altars:

Annotations:
D:2 Sigmund


Innate Abilities, Weirdness & Mutations

You are too large for most types of armour.
You have claws for hands.
Your metabolism is lightning-fast.
You like to eat raw meat.
You heal very quickly.
You are covered in fur (AC +1).
You have very tough skin (AC +2).


Message History

Drink which item? (? for menu, Esc to quit)
You feel much better.
You hear some strange, mumbled words.
Something tries to affect you, but you resist.
You miss something. Something hits you.
You miss something. You miss something. Something hits you!
You miss something. Something hits you.
Sigmund appears from thin air!
Reactivating autopickup.
Sigmund whispers, "You'll know eternity soon."
Sigmund gestures at you while chanting.
You are confused.
Sigmund casts a spell at you. The puff of flame hits you!
You bump into the rock wall.
You bump into the rock wall.
You feel less confused. Sigmund hits you with a scythe!
You die...

##(## #.##.###.##. ###.##.# #.#
#........##. #......# #.#
####.######. #.#.#### ##'## #.#
#.###.#.#### #...## #.#
#..........# .....## ##.#
##.##.####.# ......## ##..#
#.##.#.## #
.......####...#######.##....#.##
.......+........@@.............+
.......####...#######.###...#.##
......## ##..# #.........#
.....## ###.##### #####.#####
#...## #.......# #.# ##+##
#.#(###.# #.# #.# #.#..##.# #.#
#.# #.##.##.# #.# ##.##
#.##.##.#


You could see Sigmund.

Vanquished Creatures
  2 giant geckos
  An ooze (D:1)
  2 bats (D:1)
  2 giant cockroaches
  3 hobgoblins (D:1)
  A giant newt (D:2)
  6 goblins (D:1)
  A kobold (D:1)
  5 rats
23 creatures vanquished.

Notes
Turn   | Place    | Note
--------------------------------------------------------------
     0 | D:1      | Trafet, the Troll Wizard, began the quest for the Orb.
     0 | D:1      | Reached XP level 1. HP: 16/16 MP: 3/3
   102 | D:1      | Reached skill level 1 in Unarmed Combat
   198 | D:1      | Reached XP level 2. HP: 15/24 MP: 3/3
  1228 | D:2      | Noticed Sigmund
  1234 | D:2      | HP: 1/24 [something/magic dart (8)]
  1267 | D:2      | HP: 1/24 [something (11)]
  1283 | D:2      | Slain by Sigmund

Action                   || total
-------------------------++-------
Melee: Unarmed           ||    82
  Use: Potion            ||     5
 Stab: Sleeping          ||     1
  Eat: Chunk             ||    11
